 Dungeon Crawl Stone Soup version 0.29-a0-283-ga02f740833 (webtiles) character file.

Game seed: 4200024509667443938

3 spaghetti the Skirmisher (level 1, 0/24 HPs)
             Began as an Ogre Delver on Mar 13, 2022.
             Slain by a hound (2 damage)
             ... on level 5 of the Dungeon.
             The game lasted 00:01:12 (435 turns).

spaghetti the Skirmisher (Ogre Delver)               Turns: 435, Time: 00:01:13

Health: 0/24       AC:  3    Str: 15    XL:     1   Next: 50%
Magic:  1/1        EV: 10    Int: 11    God:
Gold:   0          SH:  0    Dex: 10    Spells: 0/0 levels left

rFire   . . .      SeeInvis .   d - staff of earth {!astaff}
rCold   . . .      Faith    .   (no shield)
rNeg    . . .      Spirit   .   b - +0 robe
rPois   .          Reflect  .   (helmet restricted)
rElec   .          Harm     .   (no cloak)
rCorr   .          Rampage  .   (gloves unavailable)
Will    .....                   (boots unavailable)
Stlth   ++........              (no amulet)
HPRegen 0.08/turn               (no ring)
MPRegen 0.07/turn               (no ring)

@: no status effects
A: large, unfitting armour, tough skin 1
a: no special abilities


You were on level 5 of the Dungeon.
You visited 1 branch of the dungeon, and saw 2 of its levels.


Innate Abilities, Weirdness & Mutations

You are too large for most types of armour.
You have tough skin. (AC +1)


   Skills:
 - Level 4.0 Fighting
 - Level 1.8(1.9) Maces & Flails
 + Level 0.6(1.4) Staves
 - Level 1.8 Dodging
 - Level 3.7 Stealth


You couldn't memorise any spells.
You didn't know any spells.
Your spell library was empty.

Inventory:

Hand Weapons
 a - a +0 mace {mace}
Armour
 b - a +0 robe (worn)
Magical Staves
 d - a staff of earth (weapon) {!astaff}
   (You found it on level 6 of the Dungeon)
Wands
 g - a wand of digging (3)
Scrolls
 c - a scroll of fog

Dungeon Overview and Level Annotations

Branches:
Dungeon (6/15)
 Temple: D:4-7

Altars:
Lugonu

#.# **≈≈≈≈,≈≈** #.# *≈*******,*
****###** #.#####≈**≈≈≈,*≈****
,,,,....######.....#≈*≈***≈*≈*,,,
,,,,........##.....#≈*≈*∩*≈*≈*,,,
,,,,.......o'......#≈*≈*≈*,*≈*,,,
,,,,........#......#≈*≈**≈**,*,,,
,,,,........#..#####≈*≈*****≈*,,*
,,,,......o....h@..#,**,,≈≈≈**,,,
,,,,........#..#####*,*******,,,*
,,,,........+......o.o,,,,**,,,,,
,,,,........#......#o#,,,,,,,*,,,
,,,,........#.......o.,,,,,,,,,,,
,,,,,,,...,,..........,,*,,,,,,,,
,,,,,,,,,,,.#.........,,,,,,,,,,,
,,,,,,,,,,>...........,,,,,,,,,,,
,,,,,,,,,,.,..........,,,,,,,,,**


You could see a hound, an orc priest (fleeing) and an orc (fleeing).


Message History

Unknown command.
d - a staff of earth {!astaff} 😕 HP[+1]
Found an escape hatch in the ceiling and an escape hatch in the floor. 😎 HP[+2]
Your hp is fully restored (24).
A hound comes into view.
There is an escape hatch in the ceiling here.
The hound barely misses you. A mysterious force pulls you upwards.
The hatch slams shut behind you.
You hear the sound of rushing water.
There is an entrance to a sewer on this level.
Hurry and find it before the portal rusts away!
You hear the rusting of a drain very nearby.
Unknown command.
Unknown command.
You open the door.
There is an open door here.
You close the door.
An orc comes into view. It is wielding a +0 short sword.
You open the door.
There is an open door here.
You close the door.
You start waiting.
You hear the rusting of a drain very nearby.
You hear the brisk rusting of a drain very nearby.
Done waiting.
Unknown command.
Unknown command.
d - a staff of earth (weapon)
{!astaff} An orc priest and 2 orcs come into view.
The orc priest is wielding a +2 flail of pain.
The orc shouts!
You hear a shout!
An orc comes into view. It is wielding a +0 whip.
There are monsters nearby!
There are monsters nearby!
You start waiting.
An orc is nearby!
Really attack while wielding your staff of earth {!astaff}? [Y]es or [N]o only, please.
Really attack while wielding your staff of earth {!astaff}?
You hit the orc but do no damage. You closely miss the orc.
Your punch misses the orc. The orc hits you with a +0 short sword.
The orc closely misses you. 😕 HP[-1]
You take 1 damage, and now have 23/24 hp.
The orc attacks as you move away! The orc hits you with a +0 short sword.
The orc attacks as you move away!
The orc hits you with a +0 whip. 😮 HP[-5]
You take 5 damage, and now have 18/24 hp.
MASSIVE DAMAGE!! (PAUSE)
You closely miss the orc.
The orc hits you with a +0 short sword. 😮 HP[-2]
You take 2 damage, and now have 16/24 hp.
You hit the orc. The orc hits you but does no damage.
You barely miss the orc.
The orc priest shouts!
You hear a shout!
You hear an angry hiss.
The orc hits you but does no damage. The orc hits you with a +0 short sword.
You hear a bark! 😮 HP[-1]
You take 1 damage, and now have 15/24 hp.
You hit the orc.
You kill the orc!
You barely miss the orc. The orc barely misses you.
You aren't carrying any potions.
Okay, then.
You hit the orc but do no damage. The orc hits you but does no damage.
The orc barely misses you.
The orc priest begins to cast a cantrip, but forgets the words!
You barely miss the orc.
A hound comes into view.
The orc hits you but does no damage.
You hit the orc but do no damage.
The hound pauses to sniff the ground.
The orc hits you with a +0 whip. 😮 HP[-1]
You take 1 damage, and now have 14/24 hp.
You hit the orc. The orc barely misses you.
You barely miss the orc. The orc hits you with a +0 whip.
* * * LOW HITPOINT WARNING * * *
😨 HP[-4]
You take 4 damage, and now have 10/24 hp.
You hit the orc. The orc closely misses you.
As you read the scroll of fear, it crumbles to dust.
You assume a fearsome visage.
The orc priest looks frightened!
The orc looks frightened!
You hear the brisk rusting of a drain very nearby.
You hit the hound. The hound bites you.
* * * LOW HITPOINT WARNING * * *
The hound bites you.
* * * LOW HITPOINT WARNING * * *
😱 HP[-4]
You take 4 damage, and now have 6/24 hp.
You closely miss the hound. The hound bites you.
* * * LOW HITPOINT WARNING * * *
😱 HP[-2]
You take 2 damage, and now have 4/24 hp.
You hit the hound but do no damage. The hound bites you.
* * * LOW HITPOINT WARNING * * *
The hound bites you.
You die...

Action                   || total
-------------------------++-------
Melee: Staff             ||    16
       Mace              ||     2
  Use: Scroll            ||     2
       Potion            ||     1
Armor: Robe              ||     4
Dodge: Dodged            ||     6

Levels and vault maps discovered:
D:5:      due_chaos_kobolds, layout_basic, overflow_temple_1_default,
          gup_sewer_entry_spiral, biasface_ghost_orc_armoury,
          kennysheep_minor_cross
D:6:      layout_basic, grunt_dithmenos_smoke, kennysheep_mini

Notes
Turn   | Place    | Note
-------+----------+-------------------------------------------
     0 | D:5      | spaghetti the Ogre Delver began the quest for the Orb.
     0 | D:5      | Reached XP level 1. HP: 24/24 MP: 1/1
     0 | D:5      | magus.rc [v1.9.6]
     6 | D:5      | Found a large runed translucent door.
     6 | D:5      | Found a large runed translucent door.
     6 | D:5      | Found a corrupted altar of Lugonu.
     9 | D:5      | Noticed a kobold brigand
    12 | D:5      | Noticed a kobold brigand
    28 | D:6      | HP: 6/24 [poisoned by a kobold brigand]
   280 | D:6      | Noticed a hound
   412 | D:5      | Noticed an orc priest
   427 | D:5      | Noticed a hound
   433 | D:5      | HP: 6/24 [hound (3)]
   435 | D:5      | HP: 2/24 [hound (2)]
   435 | D:5      | Slain by a hound

Vanquished Creatures
  An orc (D:5)
  A kobold (D:5)
2 creatures vanquished.

Table legend:
 A = Non-vault XP
 B = Vault XP
 C = Vault XP percentage of total XP
 D = Non-vault monster count
 E = Vault monster count
 F = Vault count percentage of total count
                 A         B        C        D         E       F
            +---------+---------+-------+---------+---------+-------
      Total |       3 |       2 |  40.0 |       1 |       1 |  50.0
            +---------+---------+-------+---------+---------+-------
        D:5 |       3 |       2 |  40.0 |       1 |       1 |  50.0
            +---------+---------+-------+---------+---------+-------

Illustrated notes

Table legend:
 A = Kills in this place as a percentage of kills in entire the game.
 B = Kills by you in this place as a percentage of kills by you in the entire game.
 C = Kills by friends in this place as a percentage of kills by friends in the entire game.
 D = Other kills in this place as a percentage of other kills in the entire game.
 E = Experience gained in this place as a percentage of experience gained in the entire game.
 F = Experience gained in this place divided by the number of levels of this place that you have seen.
                   A       B       C       D       E      F
               +-------+-------+-------+-------+-------+----------------------
         Total | 100.0 | 100.0 |   N/A |   N/A | 100.0 |   2.5
       Dungeon | 100.0 | 100.0 |   N/A |   N/A | 100.0 |   2.5
               +-------+-------+-------+-------+-------+----------------------

Table legend: (Time is in decaauts)
 A = Elapsed time spent in this place.
 B = Non-inter-level travel time spent in this place.
 C = Inter-level travel time spent in this place.
 D = Time resting spent in this place.
 E = Time spent auto-exploring this place.
 F = Levels seen in this place.
 G = Mean time per level.
                   A        B        C        D        E       F      G
               +--------+--------+--------+--------+--------+-----+--------+
         Total |    418 |    418 |      0 |    298 |     38 |   2 |  209.0 |
       Dungeon |    418 |    418 |      0 |    298 |     38 |   2 |  209.0 |
               +--------+--------+--------+--------+--------+-----+--------+

Top non-repeatable levels by time:
     D:6: 247 daAuts
     D:5: 170 daAuts
